 Dungeon Crawl Stone Soup version 0.17-a0-649-g87edefa (webtiles) character file.

679 Zwobot the Cudgeler (level 7, -1/55 HPs)
             Began as a Human Chaos Knight on Apr 17, 2015.
             Slain by a centaur
             ... wielding a +0 dagger
              (5 damage)
             ... on level 5 of the Dungeon.
             The game lasted 00:11:13 (4157 turns).

Zwobot the Cudgeler (Human Chaos Knight)            Turns: 4157, Time: 00:11:14

Health: -1/55      AC:  6    Str: 15    XL:     7   Next: 92%
Magic:  7/7        EV: 13    Int: 12    God:    Xom [.....*]
Gold:   191        SH:  0    Dex: 12    Spells: 0 memorised, 6 levels left

rFire  . . .     SeeInvis .     a - +0 mace (chaos)
rCold  . . .     Clarity  .     b - +2 leather armour
rNeg   . . .     SustAb   .     (no shield)
rPois  +         Gourm    .     (no helmet)
rElec  .         Spirit   .     (no cloak)
rCorr  .         Warding  .     o - +0 pair of gloves
rMut   .         Stasis   .     (no boots)
MR     .....                    (no amulet)
Stlth  ++........               (no ring)
                                n - ring of poison resistance

@: not resistant to hostile enchantments, unstealthy
A: no striking features
a: Renounce Religion


You were on level 5 of the Dungeon.
You worshipped Xom.
You were Xom's teddy bear.
You were not hungry.

You visited 1 branch of the dungeon, and saw 5 of its levels.

You collected 191 gold pieces.

Inventory:

Hand weapons
 a - a +0 mace of chaos (weapon)
 h - a +2 short sword of holy wrath
 p - a +0 flail
 y - a +1 mace of protection
Missiles
 f - 38 poisoned needles
 g - 3 curare-tipped needles
 u - 2 throwing nets
 H - 7 javelins of returning (quivered)
 I - 7 javelins
Armour
 b - a +2 leather armour (worn)
 o - a +0 pair of gloves (worn)
 q - a +3 leather armour
 t - a cursed +0 plate armour
 z - a +2 leather armour of cold resistance
Jewellery
 n - a ring of poison resistance (left hand)
 B - an uncursed ring of fire
Scrolls
 i - 2 scrolls of remove curse {unknown}
 j - a scroll of enchant weapon {unknown}
 l - a scroll of teleportation {unknown}
 r - 2 scrolls of blinking {unknown}
 v - 2 scrolls of fog {unknown}
 x - a scroll of immolation {unknown}
 D - a scroll of noise {unknown}
 F - 2 scrolls of enchant armour {unknown}
 G - 2 scrolls of identify
Potions
 d - 2 potions of restore abilities
 m - a potion of lignification {unknown}
 s - a potion of agility {unknown}
 w - a potion of haste {unknown}
 C - a potion of might {unknown}
Comestibles
 c - 3 bread rations
 k - a slice of pizza
 A - a meat ration
 E - a chunk of flesh


   Skills:
 + Level 4.4 Fighting
 + Level 4.9 Maces & Flails
 + Level 0.2 Throwing
 + Level 3.4 Armour
 + Level 4.6 Dodging
 + Level 2.5 Stealth


You had 6 spell levels left.
You didn't know any spells.

Dungeon Overview and Level Annotations

Branches:
Dungeon (5/15)
 Temple: D:4-7

Altars:
Cheibriados


Message History

The centaur hits you with a dagger.
You hit the centaur but do no damage.
The centaur goes berserk!
The centaur is heavily wounded.
The centaur hits you with a dagger! The centaur hits you with a dagger.
* * * LOW HITPOINT WARNING * * *
The centaur closely misses you.
You hit the centaur.
The centaur is severely wounded.
The centaur hits you with a dagger!
* * * LOW HITPOINT WARNING * * *
The centaur hits you with a dagger.
* * * LOW HITPOINT WARNING * * *
Some of the chunks of flesh in your inventory have rotted away.
Drink which item? (? for menu, Esc to quit)
You feel much better. The centaur hits you with a dagger!
* * * LOW HITPOINT WARNING * * *
The centaur hits you with a dagger.
* * * LOW HITPOINT WARNING * * *
The centaur hits you with a dagger.
You die...

#..##.#.####..##.# #.#
#..##.....##..##.# #.#
#..#......##.. #.# #.#
#.............##.# #.#
#.##(.....#......# #.#
#.###(....#.....!# #.#
#.# #.#....c.....###.#
#.# #c#####....<(.....
#.# #@...........b....
#....>........##.#....
############## #.#.###
#.#.# #.#.# #Y#.#
#.#.# #.#.# .#.#


You could see a centaur (berserk).

Vanquished Creatures
  A sky beast (D:5)
  An ogre (D:4)
  A giant frog zombie (D:5)
  3 orc wizards (D:3)
  3 worker ants (D:4)
  12 adders
  6 gnolls
  A shadow imp (D:5)
  2 oozes
  3 worms
  3 giant geckos
  11 orcs
  A bat skeleton (D:4)
  6 giant cockroaches
  6 hobgoblins
  A quokka (D:3)
  4 ball pythons
  10 bats
  3 giant newts
  11 goblins
  10 kobolds
  9 rats
108 creatures vanquished.

Vanquished Creatures (collateral kills)
  An orc wizard (D:3)
  2 gnolls (D:3)
3 creatures vanquished.

Vanquished Creatures (others)
  A quasit (D:5)
  An orc wizard (D:3)
  A gnoll (D:3)
  A white imp (D:3)
  2 ufetubi (D:3)
  4 toadstools (D:1)
10 creatures vanquished.

Grand Total: 121 creatures vanquished

Notes
Turn   | Place    | Note
--------------------------------------------------------------
     0 | D:1      | Zwobot, the Human Chaos Knight, began the quest for the Orb.
     0 | D:1      | Reached XP level 1. HP: 18/18 MP: 1/1
   286 | D:1      | Reached XP level 2. HP: 20/24 MP: 2/2
   387 | D:1      | XOM: divination: magic mapping
   481 | D:1      | Reached XP level 3. HP: 22/29 MP: 3/3
   580 | D:2      | XOM: noise
   685 | D:2      | XOM: harmless Summ miscast
   869 | D:2      | Reached XP level 4. HP: 36/36 MP: 4/4
  1189 | D:2      | XOM: colour smoke trail
  1294 | D:2      | XOM: god gift: scroll labeled ABISOA IGUIKKI
  1490 | D:3      | Reached skill level 4 in Maces & Flails
  1490 | D:3      | Reached XP level 5. HP: 39/42 MP: 5/5
  1673 | D:3      | XOM: summons friendly white imp
  1680 | D:3      | XOM: summons 2 friendly demons
  1860 | D:3      | XOM: potion effect (curing)
  1864 | D:3      | XOM: potion effect (invisibility)
  1870 | D:3      | XOM: potion effect (heal wounds)
  1871 | D:3      | Reached XP level 6. HP: 46/48 MP: 6/6
  1886 | D:3      | XOM: divination: magic mapping
  1892 | D:3      | Reached skill level 1 in Stealth
  1992 | D:3      | XOM: harmless Air miscast
  2140 | D:3      | XOM: silly message
  2479 | D:3      | XOM: harmless Erth miscast
  2873 | D:4      | XOM: silly message
  2894 | D:4      | XOM: enchant monster (good)
  2897 | D:4      | XOM: smoke on damage
  2901 | D:4      | Reached XP level 7. HP: 24/54 MP: 7/7
  2933 | D:4      | XOM: divination: detect creatures
  3311 | D:4      | Found a snail-covered altar of Cheibriados.
  3554 | D:5      | Entered Level 5 of the Dungeon
  3684 | D:5      | XOM: summons friendly quasit
  3688 | D:5      | XOM: silly message
  3771 | D:5      | XOM: cast spell 'Excruciating Wounds'
  4093 | D:4      | XOM: vitrification
  4157 | D:5      | Slain by a centaur

Action                   |  1- 3 |  4- 6 |  7- 9 || total
-------------------------+-------+-------+-------++-------
Melee: Mace              |    73 |   214 |    99 ||   386
Throw: Throwing net      |       |       |     2 ||     2
  Use: Scroll            |       |     3 |       ||     3
       Potion            |       |       |     1 ||     1
 Stab: Paralysed         |       |     1 |     4 ||     5
       Invisible         |       |     3 |       ||     3
       Sleeping          |       |     3 |     2 ||     5
       Petrified         |       |     1 |       ||     1
  Eat: Chunk             |       |     7 |     4 ||    11
